Map: Orbital Shipyard

Players

mesodens - Winner!

  • Race: Terran Terran
  • League: Gold

LindyHop

  • Race: Zerg Zerg
  • League: Silver

VOD

Have the link to the VOD?

Description

Time

  • Played on: Dec. 4, 2015, 1:02 a.m.
  • Length: 15:53
Show
View Real Time Build Order
Export as new Build Order

mesodens Terran - Winner!

Build Orders: Hellion Banshee, Mech 

Get SALT Encoding   

  12  0:01  SCV  
  13  0:13  SCV  
  14  0:18  Supply Depot  
  14  0:25  SCV  
  15  0:33  Refinery  
  15  0:39  SCV  
  16  0:45  Barracks  
  16  0:51  SCV  
  17  1:04  SCV  
  18  1:16  SCV  
  19  1:31  Orbital Command  
  20  1:32  Reaper  
  20  1:36  Supply Depot  
  20  1:54  Command Center  
  20  2:03  SCV  
  21  2:16  Factory  
  21  2:17  Barracks Reactor  
  21  2:24  SCV  
  21  2:28  Refinery  
  22  2:37  SCV  
  23  2:53  SCV  
  25  3:05  SCV  
  25  3:06  Orbital Command  
  25  3:13  Supply Depot  
  25  3:16  Starport  
  25  3:19  SCV  
  26  3:24  Hellion x2, Reaper  
  31  3:31  SCV  
  31  3:33  SCV  
  33  3:43  SCV  
  33  3:45  Hellion  
  33  3:46  Hellion  
  38  3:56  Reaper  
  38  3:57  Starport Tech Lab  
  39  4:07  Hellion x2  
  43  4:15  Cloaking Field  
  43  4:16  Banshee  
  46  4:19  SCV x2  
  46  4:22  Command Center  
  48  4:24  Engineering Bay  
  48  4:34  Barracks Tech Lab  
  48  4:35  Hellion x2  
  51  4:44  SCV x2  
  52  4:50  Refinery  
  52  4:53  Missile Turret  
  52  4:56  Armory, Missile Turret  
  52  4:59  Missile Turret  
  52  5:06  Supply Depot  
  52  5:20  Banshee  
  53  5:24  SCV  
  53  5:27  SCV  
  55  5:39  Hellion x6  
  55  5:43  Factory, Terran Vehicle Weapons Level 1  
  55  5:45  Factory  
  55  5:53  Hellion x2  
  58  6:03  Banshee  
  47  6:28  SCV x2, Orbital Command  
  49  6:41  Refinery, Missile Turret  
  49  6:43  Refinery  
  49  6:45  Factory Tech Lab, Widow Mine x2  
  49  6:46  Banshee  
  56  6:50  SCV x2  
  58  7:32  SCV x2  
  58  7:33  SCV  
  61  7:42  Siege Tank x2, Widow Mine x2  
  71  7:44  SCV  
  71  7:46  SCV x2  
  74  7:56  SCV  
  74  7:58  Raven  
  77  7:59  Terran Vehicle And Ship Armor Level 1  
  77  8:01  Building Armor  
  77  8:05  SCV x2  
  77  8:09  SCV  
  70  8:33  SCV x3  
  72  8:50  Siege Tank  
  72  8:51  Hellion  
  77  9:04  Command Center  
  77  9:05  Missile Turret  
  77  9:09  Supply Depot x2  
  77  9:10  Hellion, Siege Tank, Raven  
  77  9:11  Supply Depot, Missile Turret, SCV  
  77  9:12  Starport  
  77  9:13  Factory  
  85  9:21  SCV x2  
  78  9:26  SCV  
  78  9:29  Siege Tank  
  78  9:30  Hellion  
  81  9:32  Hellion  
  81  9:33  SCV x2  
  81  9:34  Command Center  
  86  9:38  SCV  
  86  9:42  Siege Tank  
  86  9:44  Missile Turret  
  86  9:45  SCV x2, Infernal Pre-Igniter  
  91  9:48  Starport Reactor  
  91  9:50  Barracks Reactor  
  91  9:51  Hellion  
  93  9:53  Hellion  
  93  9:59  Missile Turret  
  95  10:01  Missile Turret  
  95  10:03  Siege Tank  
  98  10:11  SCV x3  
  101  10:14  Missile Turret x2  
  101  10:16  Terran Vehicle Weapons Level 2, Hi-Sec Auto Tracking, Missile Turret  
  101  10:17  Missile Turret  
  101  10:19  Orbital Command  
  101  10:25  Refinery  
  101  10:27  SCV  
  101  10:28  SCV x2  
  102  10:29  Viking  
  102  10:30  Viking, Raven  
  108  10:37  Hellion  
  108  10:38  Hellion  
  112  10:45  SCV x4  
  116  11:02  Hellion x4  
  124  11:11  Viking x2  
  124  11:12  SCV x2  
  124  11:13  SCV x2, Raven  
  124  11:14  Corvid Reactor  
  134  11:25  Planetary Fortress  
  134  11:29  Missile Turret  
  134  11:33  Hellion x5  
  134  11:34  Hellion, Siege Tank  
  134  11:35  Refinery  
  134  11:39  Hellion x2, Siege Tank  
  146  11:40  Supply Depot  
  146  11:41  Supply Depot x2  
  146  11:46  Refinery  
  146  12:02  Hellion x4  
  146  12:03  SCV x5  
  159  12:10  Viking x2, Raven  
  159  12:13  Drilling Claws  
  155  12:36  Hellion x4, Siege Tank x2  
  163  12:56  Widow Mine  
  163  12:57  Widow Mine x3  
  163  13:02  Missile Turret  
  163  13:04  Missile Turret  
  163  13:08  Thor  
  163  13:09  Missile Turret  
  169  13:15  Supply Depot  
  169  13:18  Supply Depot  
  169  13:19  Terran Vehicle And Ship Armor Level 2  
  169  13:21  Neosteel Frame  
  169  13:26  SCV x2  
  171  13:29  Supply Depot  
  171  13:33  SCV  
  168  13:36  Thor  
  168  13:44  Widow Mine  
  158  13:51  Thor  
  158  13:53  Viking x2, Raven  
  170  13:59  Explosive Shrapnel Shells  
  170  14:18  Command Center  
  170  14:19  Thor  
  170  14:23  Widow Mine x4  
  184  14:37  Hellion  
  175  14:52  Hellion x3  
  183  14:53  Hellion  
  183  14:55  Missile Turret  
  183  14:58  Hellion  
  185  15:02  Hellion  
  187  15:14  Hellion x4  
  195  15:30  Hellion x2  
  195  15:32  Supply Depot  
Show
View Real Time Build Order
Export as new Build Order

LindyHop Zerg 

Build Orders: Hatch First 

Get SALT Encoding   

  12  0:01  Drone  
  13  0:12  Drone  
  14  0:34  Hatchery  
  13  0:43  Overlord  
  13  0:46  Drone  
  14  0:58  Extractor  
  14  0:59  Drone  
  14  1:04  Drone  
  15  1:14  Spawning Pool  
  14  1:19  Drone  
  15  1:31  Drone  
  15  1:32  Drone  
  17  1:47  Drone x2  
  19  2:01  Queen  
  19  2:02  Queen  
  23  2:12  Spine Crawler  
  21  2:19  Metabolic Boost  
  21  2:23  Zergling x2  
  22  2:35  Zergling x4  
  24  2:43  Baneling Nest  
  23  2:49  Drone x3  
  26  3:05  Zergling x4  
  28  3:06  Overlord  
  28  3:20  Overlord  
  28  3:24  Queen  
  30  3:33  Drone x4  
  34  3:53  Drone x4  
  34  3:54  Drone  
  39  4:05  Roach Warren  
  38  4:10  Zergling x4  
  40  4:34  Hatchery  
  38  4:48  Roach x3  
  44  4:56  Overlord x2  
  41  5:16  Roach x2  
  41  5:17  Roach x2  
  41  5:18  Roach x2  
  50  5:22  Roach x4  
  50  5:24  Roach  
  50  5:26  Overlord  
  50  5:27  Overlord  
  60  5:40  Lair  
  60  5:45  Drone x2, Extractor  
  61  5:50  Zergling x6  
  54  6:19  Spore Crawler  
  50  6:30  Drone x3  
  53  6:36  Spore Crawler  
  53  6:39  Drone x2  
  53  6:42  Queen  
  51  6:49  Queen  
  51  6:51  Spore Crawler  
  51  6:54  Overseer  
  52  6:56  Drone x9  
  57  7:09  Drone x3  
  57  7:16  Spore Crawler x2  
  54  7:27  Hydralisk Den  
  49  7:48  Drone x4  
  53  7:56  Hydralisk  
  53  7:57  Hydralisk  
  57  8:00  Hydralisk  
  51  8:10  Spore Crawler  
  49  8:14  Hydralisk  
  51  8:28  Hydralisk  
  49  8:40  Extractor  
  49  8:41  Spore Crawler, Extractor  
  36  8:42  Drone x8  
  42  9:04  Drone x3  
  42  9:05  Drone x2  
  42  9:09  Hydralisk  
  47  9:28  Hydralisk  
  47  9:29  Hydralisk x2  
  51  9:35  Zergling x2  
  51  9:37  Zergling x2  
  53  9:46  Drone  
  53  9:50  Drone x3  
  57  10:07  Hatchery  
  57  10:10  Overseer  
  57  10:14  Drone x4  
  59  10:31  Drone x2  
  59  10:32  Drone x3  
  64  10:38  Spire  
  64  10:42  Zergling x2  
  64  10:50  Drone x2  
  64  10:51  Drone x2  
  68  11:13  Drone x7  
  75  11:25  Zergling x6  
  77  11:28  Hatchery  
  77  11:40  Drone x2  
  77  11:43  Extractor x2  
  77  11:57  Drone x3  
  77  11:59  Overlord x4  
  77  12:01  Drone x2  
  81  12:19  Mutalisk  
  81  12:20  Mutalisk x7  
  78  12:33  Mutalisk x3  
  77  12:41  Mutalisk  
  69  12:49  Drone x3  
  66  12:53  Drone x2  
  65  13:03  Drone x3  
  68  13:13  Drone x3  
  71  13:30  Mutalisk  
  71  13:31  Mutalisk  
  71  13:33  Roach  
  72  13:41  Mutalisk x2  
  74  13:52  Extractor x2  
  72  13:56  Drone x3  
  72  13:57  Drone x3  
  72  14:02  Mutalisk  
  78  14:06  Drone  
  81  14:16  Hatchery  
  80  14:22  Roach  
  80  14:23  Roach x3  
  88  14:25  Queen  
  88  14:28  Mutalisk x2  
  94  14:41  Mutalisk  
  94  14:42  Mutalisk x2  
  100  14:54  Mutalisk  
  100  14:59  Overseer  
  102  15:02  Drone x5  
  107  15:11  Mutalisk  
  109  15:16  Drone  
  109  15:21  Overlord x2, Roach  
  112  15:22  Overlord x2  
Tags
 
Add a new tag
Caveats
  • Supply blocks, unpowered buildings, or Contaminate may cause inaccurate times.
  • Supply counts are checked every 10 seconds.